 Dungeon Crawl Stone Soup version 0.23.1 (webtiles) character file.

Game seed: 7164991950961867458

67 night the Insei (level 3, -13/29 HPs)
             Began as a Demonspawn Monk on Mar 1, 2019.
             Killed by divine providence
             ... invoked by an orc priest
              (16 damage)
             ... on level 2 of the Dungeon.
             The game lasted 00:04:25 (1817 turns).

night the Insei (Demonspawn Monk)                   Turns: 1817, Time: 00:04:25

Health: -13/29     AC: 12    Str: 16    XL:     3   Next: 98%
Magic:  3/3        EV:  5    Int: 12    God:
Gold:   87         SH:  0    Dex: 15    Spells: 2/2 levels left

rFire    . . .     SeeInvis .     - Unarmed
rCold    . . .     Gourm    .   (no shield)
rNeg     + . .     Faith    .   n - +0 plate armour
rPois    .         Spirit   .   (no helmet)
rElec    .         Reflect  .   (no cloak)
rCorr    .         Harm     .   (no gloves)
MR       .....                  (no boots)
Stlth    ..........             (no amulet)
HPRegen  0.09/turn              e - ring of positive energy
MPRegen  0.08/turn              f - ring of wizardry

@: mighty
A: molten scales 1, powered by death 1
a: no special abilities


You were on level 2 of the Dungeon.
You were very hungry.

You visited 1 branch of the dungeon, and saw 3 of its levels.

You collected 87 gold pieces.

Inventory:

Missiles
 i - 5 stones (quivered)
 k - 27 arrows
Armour
 l - a +0 leather armour
 n - a +0 plate armour (worn)
Jewellery
 e - a ring of positive energy (left hand)
 f - a ring of wizardry (right hand)
Scrolls
 d - a scroll of magic mapping {unknown}
 g - 2 scrolls of enchant armour {unknown}
 h - 2 scrolls of amnesia {unknown}
 m - 4 scrolls of remove curse {unknown}
Potions
 a - a potion of brilliance {unknown}
 o - a potion of heal wounds {unknown}
Comestibles
 b - 10 rations


   Skills:
 - Level 3.0 Fighting
 - Level 2.6 Dodging
 - Level 1.7 Stealth
 + Level 4.4 Unarmed Combat


You had 2 spell levels left.
You didn't know any spells.
Your spell library was empty.

Dungeon Overview and Level Annotations

Branches:
Dungeon (3/15)

Altars:
Makhleb


Innate Abilities, Weirdness & Mutations

You are partially covered in molten scales. (AC +2)
You regenerate a little health from kills.


Message History

The hobgoblin hits you but does no damage.
The orc priest invokes the aid of Beogh against you.
Pain shoots through your body!
You are feeling very hungry.
Your plate armour prevents you from hitting the orc priest.
The orc priest is moderately wounded.
The hobgoblin hits you but does no damage.
You hit the orc priest but do no damage.
The orc priest is moderately wounded.
The orc priest calls down the wrath of Beogh upon you.
Beogh smites you!
The orc priest mumbles some strange prayers to Beogh against you.
Beogh smites you!
* * * LOW HITPOINT WARNING * * *
It was a potion of might.
You feel very mighty all of a sudden.
The orc priest calls down the wrath of Beogh upon you.
Beogh smites you!
Ouch! That really hurt!
You die...

..# ######[.....# #######
..# #...##......###.....#
..# #...##..........###.#
..# #...###.........# #.#
'######...# #.........###.#
.....##...# #...[)......#.#
.....##...###..########.#.#
..........'.............#.#
......#...####og@..###..#.#
..........# #####.###..#.#
........#.# #.#....#.#
......#.#)# #.#....#.#
......#.#.# #.######.#
......#.#.# ####......#.#
..[...#.#.# ###.#######.#.#
....[...#.# #...# #.#.#####
.....####.# #.#.# #.#.....#


You could see an orc priest and a hobgoblin.

Vanquished Creatures
  An ooze (D:1)
  A worm (D:2)
  5 dart slugs (D:1)
  3 leopard geckos
  3 bats
  9 goblins
  4 hobgoblins
  6 jackals
  A quokka (D:2)
  2 frilled lizards (D:1)
  4 kobolds
  5 rats
44 creatures vanquished.

Notes
Turn   | Place    | Note
-------+----------+-------------------------------------------
     0 | D:1      | night the Demonspawn Monk began the quest for the Orb.
     0 | D:1      | Reached XP level 1. HP: 18/18 MP: 1/1
   121 | D:1      | Reached skill level 3 in Unarmed Combat
   181 | D:1      | Gained mutation: You regenerate a little health from kills.
                  | [demonic ancestry]
   181 | D:1      | Reached XP level 2. HP: 24/24 MP: 2/2
   411 | D:1      | Gained mutation: You are partially covered in molten
                  | scales. (AC +2) [demonic ancestry]
   411 | D:1      | Reached XP level 3. HP: 28/29 MP: 3/3
   462 | D:1      | Reached skill level 4 in Unarmed Combat
   816 | D:2      | Found a burning altar of Makhleb.
  1817 | D:2      | Killed from afar by an orc priest

Skill      XL: |  1  2  3 |
---------------+----------+-----
Unarmed Combat | 3 4 |  4.4
Fighting       | |  3.0
Dodging        | |  2.6
Stealth        | |  1.7

Action                   || total
-------------------------++-------
Melee: Unarmed           ||   178
       Punch             ||     1
  Use: Potion            ||     1
 Stab: Sleeping          ||     5
  Eat: Chunk             ||     2
Armor: Robe              ||    33
       Plate armour      ||    25
       Leather armour    ||     2
Dodge: Dodged            ||    87
